 Dungeon Crawl Stone Soup version 0.30-a0-881-g1ff12e1e11 (webtiles) character file.

Game seed: 4012680183413462513

5 avis the Ruffian (level 1, -1/17 HPs)
             Began as a Hill Orc Transmuter on Mar 15, 2023.
             Slain by a jackal (2 damage)
             ... on level 1 of the Dungeon.
             The game lasted 00:01:37 (63 turns).

avis the Ruffian (Hill Orc Transmuter)                Turns: 63, Time: 00:01:37

Health: -1/17      AC:  2    Str: 12    XL:     1   Next: 80%
Magic:  2/3        EV: 12    Int: 13    God:
Gold:   0          SH:  0    Dex: 11    Spells: 2/3 levels left

rFire   . . .      SeeInvis .      - Unarmed
rCold   . . .      Faith    .    (no shield)
rNeg    . . .      Spirit   .    a - +0 robe
rPois   .          Reflect  .    (helmet currently unavailable)
rElec   .          Rampage  .    (no cloak)
rCorr   .                        (no gloves)
Will    .....                    (boots currently unavailable)
Stlth   +                        (no amulet)
HPRegen 0.22/turn                (no ring)
MPRegen 0.08/turn                (no ring)

@: appendages (expiring)
A: horns 2, talons 2
a: End Transformation


You were on level 1 of the Dungeon.
You had temporarily grown beastly horns and talons.
You visited 1 branch of the dungeon, and saw 1 of its levels.

Inventory:

Armour
 a - a +0 robe (worn)
Potions
 b - a potion of lignification


   Skills:
 * Level 2.2 Fighting
 - Level 1.5 Dodging
 - Level 3.2 Unarmed Combat
 - Level 1.5 Spellcasting
 - Level 1.3 Transmutations


You had 2 spell levels left.
You knew the following spells:

 Your Spells              Type           Power      Damage    Failure   Level
a - Beastly Appendage     Tmut           8%         N/A       16%         1

Your spell library contained the following spells:

 Spells                   Type           Power      Damage    Failure   Level
 Wereblood                Tmut           4%         N/A       22%         2
 Spider Form              Tmut/Pois      2%         N/A       52%         3
 Ice Form                 Ice/Tmut       2%         N/A       89%         4


Dungeon Overview and Level Annotations

Branches:
Dungeon (1/15)

Altars:


Innate Abilities, Weirdness & Mutations

You have temporarily grown beastly horns and talons.


Message History

Casting: Beastly Appendage (safe; 16% risk of failure)
Confirm with . or Enter, or press ? or * to list all spells.
You grow a pair of large bovine horns.
Your feet morph into talons.
The jackal barely misses you.
You hit the jackal but do no damage. You claw the jackal, but do no damage.
The jackal barely misses you.
You hit the jackal. Your kick misses the jackal.
The jackal is severely wounded.
The jackal closely misses you. The jackal bites you.
* * * LOW HITPOINT WARNING * * *
You hit the jackal.
You kill the jackal!
The jackal barely misses you.
Your Fighting skill increases to level 2!
You closely miss the jackal.
Your transformation is almost over.
The jackal barely misses you.
You hit the jackal but do no damage. The jackal closely misses you.
You hit the jackal.
You kill the jackal!
The jackal closely misses you.
You closely miss the jackal. Your punch misses the jackal.
The jackal misses you.
You closely miss the jackal. The jackal barely misses you.
You hit the jackal. Your kick misses the jackal.
The jackal is severely wounded.
The jackal closely misses you. The jackal bites you.
* * * LOW HITPOINT WARNING * * *
You hit the jackal but do no damage. You claw the jackal, but do no damage.
Your headbutt misses the jackal.
The jackal is severely wounded.
The jackal misses you.
You closely miss the jackal. Your kick misses the jackal.
The jackal is severely wounded.
The jackal bites you but does no damage.
You miss the jackal. Your kick misses the jackal.
The jackal is severely wounded.
The jackal bites you but does no damage.
The jackal bites you.
You die...

#. #.........#
#..#..#...#..#
#.#..○.°§...###
#.....○§§.....#####
#.#..#☼8.#..#.....#
#.#.........#.###.#
#
####+#+####.#.#.##
#.'.'.....b... #
#@###.##..####
[..##.#h# #.....#
#......# #####.#
######## .. ##


You could see a jackal.

Vanquished Creatures
  A bat (D:1)
  3 jackals (D:1)
4 creatures vanquished.

Notes
Turn   | Place    | Note
-------+----------+-------------------------------------------
     0 | D:1      | avis the Hill Orc Transmuter began the quest for the Orb.
     0 | D:1      | Reached XP level 1. HP: 16/16 MP: 3/3
    63 | D:1      | Slain by a jackal

Illustrated notes

Levels and vault maps discovered:
D:1:      shiori_arrival_oz, layout_basic, hangedman_decor_peaks_small,
          minmay_pentomino_v4

Skill      XL: |  1 |
---------------+----+-----
Fighting       | 2 |  2.2
Dodging        | |  1.5
Unarmed Combat | |  3.2
Spellcasting   | |  1.5
Transmutations | |  1.3

Action                     || total
---------------------------++-------
  Melee: Unarmed           ||    25
         Kick              ||     2
   Cast: Beastly Appendage ||     1
 Armour: Robe              ||     3
  Dodge: Dodged            ||    32

Table legend: (Time is in decaauts)
 A = Elapsed time spent in this place.
 B = Non-inter-level travel time spent in this place.
 C = Inter-level travel time spent in this place.
 D = Time resting spent in this place.
 E = Time spent auto-exploring this place.
 F = Levels seen in this place.
 G = Mean time per level.
                   A        B        C        D        E       F      G
               +--------+--------+--------+--------+--------+-----+--------+
         Total |     61 |     61 |      0 |      0 |      0 |   1 |   61.0 |
       Dungeon |     61 |     61 |      0 |      0 |      0 |   1 |   61.0 |
               +--------+--------+--------+--------+--------+-----+--------+

Top non-repeatable levels by time:
     D:1: 61 daAuts
